 Dungeon Crawl Stone Soup version 0.30.1-4-g462c640d31 (webtiles) character file.

Game seed: 15976677981541423944

71 Renzlar the Shield-Bearer (level 4, -2/41 HPs)
             Began as a Gnoll Fighter on Sept 14, 2023.
             Succumbed to Robin's poison
             ... on level 2 of the Dungeon.
             The game lasted 00:04:30 (872 turns).

Renzlar the Shield-Bearer (Gnoll Fighter)            Turns: 872, Time: 00:04:31

Health: -2/41      AC:  8    Str: 14 (17) XL:     4   Next: 24%
Magic:  5/5        EV:  9    Int:  6 (7)  God:
Gold:   39         SH:  5    Dex:  9 (12) Spells: 5/5 levels left

rFire   . . .        a - +0 war axe
rCold   . . .        c - +0 buckler
rNeg    . . .        b - +1 scale mail
rPois   .            (no helmet)
rElec   .            (no cloak)
rCorr   .            (no gloves)
SInv    .            (no boots)
Will    .....        (no amulet) Stlth
                     (no ring)
HPRegen 0.26/turn    (no ring)
MPRegen 0.09/turn

%: no passive effects
@: brilliant, lethally poisoned (-2 -> -19), attractive
A: fangs 1, strong nose, distributed training
a: no special abilities


You were on level 2 of the Dungeon.
You visited 1 branch of the dungeon, and saw 2 of its levels.

You collected 39 gold pieces.

Inventory:

Hand Weapons
 a - a +0 war axe (weapon)
 f - a +4 whip of venom
Missiles
 k - a poisoned dart (quivered)
Armour
 b - a +1 scale mail (worn)
 c - a +0 buckler (worn)
Scrolls
 m - a scroll of blinking
Potions
 d - a potion of might


   Skills:
 + Level 6.6 Fighting
 + Level 1.1 Short Blades
 + Level 1.1 Long Blades
 + Level 4.6 Axes
 + Level 1.1 Maces & Flails
 + Level 1.1 Polearms
 + Level 1.1 Staves
 + Level 1.1 Ranged Weapons
 + Level 1.1 Throwing
 + Level 6.6 Armour
 + Level 1.1 Dodging
 + Level 1.1 Stealth
 + Level 6.6 Shields
 + Level 1.1 Unarmed Combat
 + Level 1.1 Spellcasting
 + Level 0.9 Conjurations
 + Level 0.9 Hexes
 + Level 0.9 Summonings
 + Level 0.9 Necromancy
 + Level 0.9 Translocations
 + Level 0.9 Transmutations
 + Level 0.9 Fire Magic
 + Level 0.9 Ice Magic
 + Level 0.9 Air Magic
 + Level 0.9 Earth Magic
 + Level 0.9 Poison Magic
 + Level 1.2 Invocations
 + Level 1.1 Evocations


You had 5 spell levels left.
You didn't know any spells.
Your spell library contained the following spells:

 Spells                   Type           Power      Damage    Failure   Level
 Ensorcelled Hibernation  Hex/Ice        4%         N/A       91%         2
 Passwall                 Tmut/Erth      1%         N/A       91%         2
 Portal Projectile        Hex/Tloc       4%         N/A       99%         3
 Swiftness                Air            2%         N/A       99%         3
 Tukima's Dance           Hex            2%         N/A       99%         3
 Blade Hands              Tmut           1%         N/A       100%        5


Dungeon Overview and Level Annotations

Branches:
Dungeon (2/15)

Altars:

Shops:
D:1 (


Innate Abilities, Weirdness & Mutations

You have very sharp teeth.
Your uncanny sense of smell can sniff out nearby items.
Your experience applies equally to all skills.


Message History

You feel very sick. The adder bites you but does no damage.
Robin throws the goblin at you! The goblin hits you with a +0 club.
The hobgoblin hits you.
The goblin hits you but does no damage. x2
The adder bites you but does no damage. You block the hobgoblin's attack.
You block the goblin's attack. The goblin closely misses you.
Robin roars a battlecry!
The goblins go into a battle-frenzy!
The goblin hits you but does no damage.
Unknown command.
You hit Robin but do no damage.
Robin is severely wounded.
You barely miss the hobgoblin. You hit the goblin but do no damage.
You barely miss the goblin. You closely miss the adder. You hit the goblin.
You kill the goblin!
You feel very sick. You block the adder's attack.
The goblin hits you but does no damage. The hobgoblin hits you.
* * * LOW HITPOINT WARNING * * *
The goblin hits you but does no damage. Robin hits you but does no damage.
You are lethally poisoned!
The adder bites you.
* * * LOW HITPOINT WARNING * * *
Unknown command.
You hit Robin.
You kill Robin!
You closely miss the goblin. You closely miss the adder.
You hit the hobgoblin but do no damage. You hit the goblin.
You kill the goblin!
* * * LOW HITPOINT WARNING * * *
You feel very sick. The adder bites you but does no damage.
You block the goblin's attack. The hobgoblin barely misses you.
Unknown command.
You barely miss the adder. Your bite misses the adder.
The adder is moderately wounded.
You slash the hobgoblin!
You kill the hobgoblin!
You barely miss the goblin.
You die...

#...... ..## #>.....
##... #
#......####..# .####.
#.......##..###.#....
#.......##.#.........
.......†<(...........
###....)....##......
#.....))g.........
##......@.........#
.......)))S......###
..........(.......#
....###.###..........
........$..........##
...........#.......#
..##..S....#.#..... .
#g........###.#.
g...##...... .#


You could see an adder and a goblin (strong).

Vanquished Creatures
  Robin (D:2)
  An adder (D:1)
  2 dart slugs (D:1)
  4 endoplasms
  15 goblins
  4 hobgoblins
  A quokka (D:1)
  3 ball pythons
  5 bats (D:1)
  3 kobolds
  5 rats
44 creatures vanquished.

Notes
Turn   | Place    | Note
-------+----------+-------------------------------------------
     0 | D:1      | Renzlar the Gnoll Fighter began the quest for the Orb.
     0 | D:1      | Reached XP level 1. HP: 23/23 MP: 1/1
   112 | D:1      | Reached XP level 2. HP: 29/29 MP: 2/2
   256 | D:1      | Found Sureigud's Antique Weapon Boutique.
   388 | D:1      | Reached XP level 3. HP: 35/35 MP: 3/3
   400 | D:1      | Found a faded altar of an unknown god.
   794 | D:2      | Reached skill level 1 in Invocations
   809 | D:1      | Reached skill level 1 in Short Blades
   809 | D:1      | Reached skill level 1 in Long Blades
   809 | D:1      | Reached skill level 1 in Maces & Flails
   809 | D:1      | Reached skill level 1 in Polearms
   809 | D:1      | Reached skill level 1 in Staves
   809 | D:1      | Reached skill level 1 in Ranged Weapons
   809 | D:1      | Reached skill level 1 in Throwing
   809 | D:1      | Reached skill level 1 in Dodging
   809 | D:1      | Reached skill level 1 in Stealth
   809 | D:1      | Reached skill level 1 in Unarmed Combat
   809 | D:1      | Reached skill level 1 in Spellcasting
   809 | D:1      | Reached skill level 1 in Evocations
   854 | D:2      | Noticed Robin
   862 | D:2      | Reached XP level 4. HP: 23/41 MP: 5/5
   871 | D:2      | Killed Robin
   871 | D:2      | HP: 2/41 [poisoned by Robin]
   872 | D:2      | Succumbed to Robin's poison

Illustrated notes

Levels and vault maps discovered:
D:1:      heliophobic_arrival_henge, layout_basic, serial_shops, shop,
          basic_ecumenical_altar
D:2:      layout_rooms, minivault_5, uniq_robin

Skill      XL: |  1  2  3 |
---------------+----------+-----
Invocations    | 1 |  1.2
Short Blades   | 1 |  1.1
Long Blades    | 1 |  1.1
Maces & Flails | 1 |  1.1
Polearms       | 1 |  1.1
Staves         | 1 |  1.1
Ranged Weapons | 1 |  1.1
Throwing       | 1 |  1.1
Dodging        | 1 |  1.1
Stealth        | 1 |  1.1
Unarmed Combat | 1 |  1.1
Spellcasting   | 1 |  1.1
Evocations     | 1 |  1.1
Fighting       | |  6.6
Axes           | |  4.6
Armour         | |  6.6
Shields        | |  6.6
Conjurations   | |  0.9
Hexes          | |  0.9
Summonings     | |  0.9
Necromancy     | |  0.9
Translocations | |  0.9
Transmutations | |  0.9
Fire Magic     | |  0.9
Ice Magic      | |  0.9
Air Magic      | |  0.9
Earth Magic    | |  0.9
Poison Magic   | |  0.9

Action                     |  1- 3 |  4- 6 || total
---------------------------+-------+-------++-------
  Melee: War axe           |    84 |     7 ||    91
         Bite              |    10 |       ||    10
  Throw: Dart              |     1 |       ||     1
    Use: Scroll            |     3 |       ||     3
         Potion            |       |     4 ||     4
 Armour: Scale mail        |    48 |    22 ||    70
  Dodge: Dodged            |    42 |    15 ||    57
  Block: Buckler           |    32 |     5 ||    37
